 Dungeon Crawl Stone Soup version 0.27.1-3-gb3d3a73c9e (webtiles) character file.

Game seed: 11883364200879312207

107 styxcanada the Sneak (level 4, -4/23 HPs)
             Began as a Spriggan Brigand on Oct 31, 2021.
             Slain by an orc (6 damage)
             ... on level 3 of the Dungeon.
             The game lasted 00:08:27 (2641 turns).

styxcanada the Sneak (Spriggan Brigand)             Turns: 2641, Time: 00:08:28

Health: -4/23      AC:  3    Str:  6 (7)  XL:     4   Next: 56%
Magic:  5/5        EV: 17    Int: 11 (12) God:
Gold:   59         SH:  0    Dex: 16 (17) Spells: 3/3 levels left

rFire    . . .     SeeInvis +   a - +2 dagger
rCold    . . .     Faith    .   (shield restricted)
rNeg     . . .     Spirit   .   b - +0 robe
rPois    .         Reflect  .   (helmet restricted)
rElec    .         Harm     .   c - +0 cloak
rCorr    .         Rampage  .   (gloves unavailable)
Will     .....                  (boots unavailable)
Stlth    ++++......             (no amulet)
HPRegen  0.07/turn              (no ring)
MPRegen  0.09/turn              (no ring)

@: very quick
A: very small, no large weapons, unfitting armour, see invisible, speed 3
a: no special abilities


You were on level 3 of the Dungeon.
You visited 1 branch of the dungeon, and saw 3 of its levels.

You collected 59 gold pieces.

Inventory:

Hand Weapons
 a - a +2 dagger (weapon)
Missiles
 f - 41 stones (quivered)
Armour
 b - a +0 robe (worn)
 c - a +0 cloak (worn)
Jewellery
 j - a ring of wizardry
Scrolls
 g - a scroll of vulnerability {unknown}
 h - a scroll of fear {unknown}
 k - a scroll of enchant weapon {unknown}
Potions
 o - a potion of heal wounds {unknown}


   Skills:
 + Level 2.1 Fighting
 + Level 3.0 Short Blades
 + Level 2.3 Throwing
 + Level 2.5 Dodging
 + Level 7.4 Stealth


You had 3 spell levels left.
You didn't know any spells.
Your spell library was empty.

Dungeon Overview and Level Annotations

Branches:
Dungeon (3/15)

Altars:

Shops:
D:1 =[?:


Innate Abilities, Weirdness & Mutations

You are very small and have problems with some larger weapons.
You are too small for most types of armour.
You have supernaturally acute eyesight. (SInv)
You cover ground extremely quickly. (Speed+++)


Message History

You kill the gnoll!
Your Short Blades skill increases to level 3!
Throw: 43 stones
Press: ? - help, Q - select action Shift-Dir - straight line, f - gnoll
Aim: a gnoll, wielding a +1 whip of electrocution (65% to hit)
You throw a stone. The stone barely misses the gnoll.
Throw: 42 stones
Press: ? - help, Q - select action Shift-Dir - straight line, f/p - gnoll
Aim: a gnoll, wielding a +1 whip of electrocution (65% to hit)
You throw a stone. The stone barely misses the gnoll.
The stone hits the shadow imp but does no damage.
You aren't carrying any items that you can evoke.
The shadow imp shouts, "Leave, thou vain sheep-biting clack-dish!"
You hit the gnoll but do no damage. The gnoll misses you.
You hit the gnoll.
The gnoll is moderately wounded.
The gnoll hits you with a +1 whip of electrocution.
You are electrocuted!
Ouch! That really hurt!
You hit the gnoll.
The gnoll is moderately wounded.
The gnoll barely misses you.
You hit the gnoll.
The gnoll is almost dead.
The gnoll hits you with a +1 whip of electrocution.
* * * LOW HITPOINT WARNING * * *
You hit the gnoll.
You kill the gnoll!
The shadow imp sputters.
You feel your intelligence returning.
You start resting.
A shadow imp is nearby!
The orc shouts!
You hear a shout!
An orc comes into view. It is wielding a +0 hand axe.
The orc shouts!
You hear a shout! x2
An orc comes into view. It is wielding a +0 short sword.
The orc hits you with a +0 mace.
* * * LOW HITPOINT WARNING * * *
The orc hits you with a +0 hand axe.
You die...

#.# +.....#.# .### #.....#.#
....#.# #. #.....#.#
##.#.#.# .+.###.....#.#
#....#.#### .#.........#.#
##♣...♣.....o .#.........#.#
#............
#.........#.####oo.<........
#..............@.o.o........
#.........#........♣........
#.........########..........
#.........#...gg5g...'......
#.........#.##########......
#.........#.# .....
#.........#.# #####
#.........#(# #########.#.#


You could see an orc wizard and 3 orcs.

Vanquished Creatures
  3 gnolls (D:3)
  3 adders
  2 worms
  A dart slug (D:2)
  7 ball pythons
  3 endoplasms
  2 giant cockroaches (D:1)
  5 goblins
  2 hobgoblins
  3 jackals (D:1)
  3 quokkas (D:1)
  5 bats
  3 frilled lizards
  2 kobolds
  3 rats
47 creatures vanquished.

Notes
Turn   | Place    | Note
-------+----------+-------------------------------------------
     0 | D:1      | styxcanada the Spriggan Brigand began the quest for the
                  | Orb.
     0 | D:1      | Reached XP level 1. HP: 10/10 MP: 2/2
    24 | D:1      | Found Nosm's Jewellery Emporium.
   194 | D:1      | Found Silo Von's Armour Emporium.
   233 | D:1      | Reached skill level 6 in Stealth
   477 | D:1      | Reached XP level 2. HP: 11/15 MP: 3/3
   915 | D:1      | Found Awa Ushe's Magic Scroll Shop.
  1162 | D:1      | Found Wuppau's Book Boutique.
  1469 | D:1      | Found a faded altar of an unknown god.
  1549 | D:1      | Reached XP level 3. HP: 18/18 MP: 4/4
  1966 | D:2      | Reached skill level 7 in Stealth
  2181 | D:3      | Reached XP level 4. HP: 15/23 MP: 5/5
  2641 | D:3      | Slain by an orc

Illustrated notes

Levels and vault maps discovered:
D:1:      scummos_arrival_star, layout_basic,
          shapermc_ecumenical_altar_mp_ritualfount, serial_shops,
          nicolae_square_shop, nicolae_shop_behind_doors, shop_fountains,
          nicolae_shop_trees
D:2:      layout_rooms
D:3:      layout_basic, ashenzari_altar_1, grunt_ministairs_1,
          minmay_increasing_density

Skill      XL: |  1  2  3  4 |
---------------+-------------+-----
Stealth        | 6 7 |  7.4
Fighting       | 2 |  2.1
Dodging        | 2 |  2.5
Short Blades   | 3 |  3.0
Throwing       | |  2.3

Action                   |  1- 3 |  4- 6 || total
-------------------------+-------+-------++-------
Melee: Dagger            |   145 |    11 ||   156
Throw: Dart              |    14 |    13 ||    27
       Stone             |       |     2 ||     2
  Use: Potion            |     4 |       ||     4
 Stab: Sleeping          |     9 |     2 ||    11
Armor: Robe              |    18 |       ||    18
Dodge: Dodged            |   124 |     4 ||   128
